 Dungeon Crawl Stone Soup version 0.26-a0-638-gcca6ad1b57 (webtiles) character file.

Game seed: 7174248076642710951

60 Gottschkopf the Ruffian (level 3, -2/28 HPs)
             Began as a Draconian Transmuter on Sept 14, 2020.
             Slain by a gnoll
             ... wielding a +0 spear
              (6 damage)
             ... on level 2 of the Dungeon.
             The game lasted 00:02:19 (1944 turns).

Gottschkopf the Ruffian (Draconian Transmuter)      Turns: 1944, Time: 00:02:20

Health: -2/28      AC:  5    Str: 12    XL:     3   Next: 80%
Magic:  5/6        EV: 12    Int: 14    God:
Gold:   118        SH:  0    Dex: 11    Spells: 0/6 levels left

rFire    . . .     SeeInvis .     - Unarmed
rCold    . . .     Faith    .   (no shield)
rNeg     . . .     Spirit   .   (armour unavailable)
rPois    .         Reflect  .   (helmet restricted)
rElec    .         Harm     .   (no cloak)
rCorr    .         Rampage  .   (no gloves)
MR       .....                  (no boots)
Stlth    +.........             (no amulet)
HPRegen  0.09/turn              (no ring)
MPRegen  0.10/turn              (no ring)

@: no status effects
A: unfitting armour, cold-blooded, AC +5
a: no special abilities


You were on level 2 of the Dungeon.
You visited 1 branch of the dungeon, and saw 2 of its levels.

You collected 118 gold pieces.

Inventory:

Scrolls
 c - a scroll of enchant weapon {unknown}
 e - a scroll of teleportation {unknown}
 f - a scroll of blinking {unknown}
 h - a scroll of fear {unknown}
Potions
 a - a potion of haste {unknown}
 b - 2 potions of heal wounds {unknown}
 d - a potion of curing {unknown}
 g - a potion of ambrosia {unknown}
 i - a potion of berserk rage {unknown}


   Skills:
 - Level 1.1 Fighting
 - Level 1.7 Dodging
 - Level 4.6 Unarmed Combat
 - Level 2.0 Spellcasting
 + Level 2.1 Transmutations
 + Level 0.5 Poison Magic


You couldn't memorise any spells.
You knew the following spells:

 Your Spells              Type           Power        Failure   Level
a - Beastly Appendage     Tmut           #.....       10%         1
b - Wereblood             Tmut           #.......     14%         2
c - Spider Form           Tmut/Pois      #.........   38%         3

Your spell library contained the following spells:

 Spells                   Type           Power        Failure   Level
 Ice Form                 Ice/Tmut       #.......     83%         4
 Blade Hands              Tmut           #.........   95%         5


Dungeon Overview and Level Annotations

Branches:
Dungeon (2/15)

Altars:


Innate Abilities, Weirdness & Mutations

Your plain brown scales are hard. (AC +5)
You cannot fit into any form of body armour.
You are cold-blooded and may be slowed by cold attacks.


Message History

You hit the gnoll. Your kick misses the gnoll.
The gnoll is almost dead.
The gnoll hits you from afar with a +0 spear.
* * * LOW HITPOINT WARNING * * *
The gnoll misses you.
You closely miss the gnoll.
The gnoll is almost dead.
You hit the gnoll but do no damage.
The gnoll is almost dead.
The gnoll hits you but does no damage. The gnoll barely misses you.
You hit the gnoll.
You kill the gnoll!
The gnoll barely misses you.
Your horns disappear.
Your talons disappear.
Your primal bloodlust is almost over.
You howl as the wereblood boils in your veins!
You howl as the wereblood boils in your veins!
Your primal bloodlust has ended.
The gnoll hits you from afar with a +0 spear.
You die...

........##....#######.......#####
...................((.(.)........
.......##..........##.......#####
.......##..........##.......#
...................##.......#
.................).##.......#
...................##########
.....)###.....g..(.#
......##.....###@..#### #####
......##[....# #.(....# #...#
......##.....####.....#######....
.....>'......'..'...........'....
......##...)†####..........##....
..........÷....##..........##....
.######.......÷##..........####..
.......†###....#...........# #..
........###....#'#########.####..


You could see a gnoll.

Vanquished Creatures
  A gnoll (D:2)
  An adder (D:2)
  An ooze (D:1)
  A leopard gecko (D:1)
  5 bats
  4 giant cockroaches
  5 goblins
  6 hobgoblins
  A jackal (D:1)
  5 kobolds
  3 rats
33 creatures vanquished.

Notes
Turn   | Place    | Note
-------+----------+-------------------------------------------
     0 | D:1      | Gottschkopf the Draconian Transmuter began the quest for
                  | the Orb.
     0 | D:1      | Reached XP level 1. HP: 16/16 MP: 3/3
   555 | D:1      | Reached XP level 2. HP: 18/23 MP: 3/5
  1014 | D:2      | Learned a level 2 spell: Wereblood
  1026 | D:2      | Reached skill level 4 in Unarmed Combat
  1309 | D:2      | Reached XP level 3. HP: 24/28 MP: 4/6
  1745 | D:2      | Learned a level 3 spell: Spider Form
  1944 | D:2      | Slain by a gnoll

Illustrated notes

Levels and vault maps discovered:
D:1:      shiori_arrival_maze, layout_basic
D:2:      layout_basic

Skill      XL: |  1  2 |
---------------+-------+-----
Unarmed Combat | 4 |  4.6
Fighting       | |  1.1
Dodging        | |  1.7
Spellcasting   | |  2.0
Transmutations | |  2.1
Poison Magic   | |  0.5

Action                   || total
-------------------------++-------
Melee: Unarmed           ||   101
       Kick              ||    17
       Headbutt          ||    10
       Tailslap          ||    12
 Cast: Beastly Appendage ||    21
       Wereblood         ||     2
 Stab: Sleeping          ||     1
Armor: Skin              ||    30
Dodge: Dodged            ||    77

Table legend: (Time is in decaauts)
 A = Elapsed time spent in this place.
 B = Non-inter-level travel time spent in this place.
 C = Inter-level travel time spent in this place.
 D = Time resting spent in this place.
 E = Time spent auto-exploring this place.
 F = Levels seen in this place.
 G = Mean time per level.
                   A        B        C        D        E       F      G
               +--------+--------+--------+--------+--------+-----+--------+
         Total |   1936 |   1898 |     38 |      0 |   1650 |   2 |  968.0 |
       Dungeon |   1936 |   1898 |     38 |      0 |   1650 |   2 |  968.0 |
               +--------+--------+--------+--------+--------+-----+--------+

Top non-repeatable levels by time:
     D:1: 1007 daAuts
     D:2: 929 daAuts
